Map: Simulacrum LE

Players

AGOElazer (Elazer) - Winner!

  • Race: Zerg Zerg
  • League: Master
  • Spawn Location: 5:00

Special

  • Race: Terran Terran
  • League: Master
  • Spawn Location: 11:00

VOD

Have the link to the VOD?

Description

Time

  • Played on: Jan. 14, 2020, 2:30 p.m.
  • Length: 13:19
Show
View Real Time Build Order
Export as new Build Order

AGOElazer Zerg - Winner!

Build Orders: Hatch First 

Get SALT Encoding   

  12  0:00  Drone  
  13  0:12  Overlord  
  13  0:17  Drone  
  14  0:30  Drone x2  
  16  0:48  Hatchery  
  15  0:51  Drone  
  15  0:54  Drone  
  17  0:58  Drone  
  18  1:08  Extractor  
  17  1:13  Spawning Pool  
  17  1:16  Drone  
  17  1:20  Drone  
  18  1:28  Drone  
  19  1:39  Drone  
  20  1:49  Drone  
  21  1:59  Queen x2  
  21  2:00  Zergling x4  
  27  2:14  Hatchery  
  26  2:18  Overlord  
  26  2:21  Drone  
  27  2:24  Drone  
  28  2:31  Metabolic Boost  
  28  2:38  Drone x2  
  28  2:39  Drone  
  30  2:45  Queen  
  30  2:49  Overlord  
  32  2:52  Drone  
  32  2:54  Drone  
  32  2:57  Drone  
  35  3:09  Drone x5  
  40  3:16  Drone  
  40  3:19  Overlord  
  41  3:21  Queen  
  43  3:27  Queen  
  43  3:30  Drone  
  43  3:32  Drone  
  47  3:34  Overlord  
  47  3:40  Drone  
  48  3:42  Zergling x8  
  48  3:44  Zergling x2  
  53  3:49  Zergling x2  
  53  3:51  Lair  
  53  3:52  Drone  
  53  3:54  Drone  
  56  3:59  Queen  
  56  4:01  Drone  
  56  4:02  Drone  
  60  4:03  Drone  
  60  4:06  Overlord  
  60  4:08  Drone  
  60  4:09  Drone  
  63  4:12  Drone x2  
  63  4:15  Drone  
  66  4:24  Queen, Roach Warren  
  66  4:26  Overlord  
  66  4:28  Drone  
  66  4:29  Drone x2  
  66  4:31  Drone  
  71  4:38  Zergling x4, Overlord  
  73  4:44  Queen  
  73  4:45  Extractor  
  74  4:47  Drone x3, Overlord  
  74  4:51  Overlord  
  74  4:52  Drone  
  78  4:53  Drone  
  78  4:56  Overlord  
  78  4:57  Drone x2  
  81  5:01  Overlord  
  81  5:02  Drone  
  81  5:03  Overseer  
  81  5:04  Drone x2  
  84  5:11  Spore Crawler  
  84  5:12  Queen  
  85  5:16  Spore Crawler x2  
  85  5:21  Roach x3  
  89  5:23  Overlord  
  89  5:27  Overlord  
  89  5:31  Drone x4  
  89  5:32  Drone, Evolution Chamber x2  
  89  5:34  Extractor, Drone  
  92  5:38  Overlord  
  92  5:40  Drone x3  
  95  5:45  Drone x2, Overlord  
  95  5:48  Drone  
  97  5:54  Overlord  
  97  5:55  Drone x3  
  98  5:57  Drone  
  98  6:01  Extractor  
  98  6:02  Overlord  
  98  6:04  Drone x6  
  104  6:06  Zerg Melee Weapons Level 1  
  104  6:07  Extractor  
  104  6:10  Zerg Ground Armor Level 1  
  103  6:14  Overlord  
  103  6:15  Drone x2  
  103  6:17  Extractor  
  104  6:22  Hatchery  
  104  6:24  Baneling Nest  
  102  6:28  Drone x6  
  102  6:31  Overlord  
  102  6:32  Infestation Pit  
  107  6:36  Overlord  
  107  6:37  Drone  
  107  6:38  Hydralisk Den  
  107  6:39  Overlord  
  107  6:42  Drone x3  
  110  6:48  Queen  
  110  6:52  Zergling x10  
  117  6:54  Overlord  
  117  7:01  Zergling x2  
  117  7:04  Roach  
  117  7:06  Zergling x2  
  121  7:10  Zergling x2  
  121  7:12  Centrifical Hooks  
  121  7:13  Grooved Spines  
  121  7:14  Zergling x2  
  121  7:15  Zergling x2  
  124  7:19  Zergling x14  
  124  7:20  Zergling x4  
  133  7:25  Zergling x2  
  134  7:31  Baneling x12  
  134  7:32  Ravager x4  
  134  7:33  Zergling x6  
  141  7:42  Overlord  
  141  7:43  Overlord  
  141  7:46  Hive  
  141  7:47  Drone x9  
  150  7:52  Zergling x4  
  150  7:59  Overlord  
  150  8:05  Zerg Melee Weapons Level 2, Zerg Ground Armor Level 2  
  150  8:07  Baneling x2, Hydralisk x2  
  150  8:10  Zergling x12  
  157  8:15  Zergling x2  
  155  8:24  Zergling x8  
  155  8:25  Zergling x8  
  151  8:32  Zergling x8  
  142  8:35  Baneling x8  
  142  8:39  Zergling x4  
  142  8:40  Baneling x4  
  143  8:42  Queen x3  
  143  8:45  Zergling x10  
  152  8:49  Zergling x2  
  142  8:56  Zergling x6  
  142  8:58  Baneling  
  142  8:59  Baneling x7  
  142  9:01  Zergling x2  
  144  9:08  Zergling x6  
  142  9:12  Zergling x4  
  142  9:16  Hydralisk x2  
  143  9:18  Muscular Augments  
  143  9:23  Queen  
  139  9:24  Adrenal Glands  
  139  9:25  Viper  
  139  9:26  Zergling x6  
  139  9:29  Hatchery  
  144  9:35  Zergling x2  
  144  9:36  Zergling x4  
  144  9:39  Hatchery  
  144  9:43  Zergling x4  
  135  9:45  Hydralisk x2  
  135  9:48  Queen x3  
  135  9:51  Hydralisk  
  142  9:56  Baneling x12  
  142  9:59  Zergling x8  
  144  10:03  Zergling x12  
  144  10:05  Baneling x4  
  150  10:09  Ultralisk Cavern, Zergling x2  
  150  10:10  Zergling x6  
  153  10:17  Zergling x2  
  154  10:23  Extractor x2  
  154  10:28  Zergling x8  
  156  10:29  Baneling  
  156  10:30  Baneling x8  
  156  10:32  Hatchery, Zerg Melee Weapons Level 3  
  155  10:37  Zergling x14  
  162  10:45  Overlord  
  159  10:50  Zergling x14  
  159  10:55  Zergling x8  
  159  10:56  Chitinous Plating  
  170  11:00  Ultralisk  
  170  11:01  Zergling x6  
  175  11:17  Zergling x22, Ultralisk x2  
  195  11:26  Zergling x2  
  195  11:27  Zergling x8  
  200  11:34  Hatchery  
  187  11:43  Zergling x10, Ultralisk x3  
  187  11:45  Baneling x2  
  200  11:56  Zergling x2  
  181  12:03  Zergling x20  
  181  12:07  Ultralisk x2  
  178  12:10  Zergling x18  
  178  12:13  Zergling x2  
  176  12:15  Zergling x6  
  176  12:18  Queen x2  
  171  12:28  Zergling x14  
Show
View Real Time Build Order
Export as new Build Order

Special Terran 

Build Orders: Reaper Expand 

Get SALT Encoding   

  12  0:01  SCV  
  13  0:13  SCV  
  14  0:17  Supply Depot  
  14  0:25  SCV  
  15  0:39  SCV  
  15  0:40  Barracks  
  16  0:44  Refinery  
  16  0:51  SCV  
  17  1:03  SCV  
  18  1:15  SCV  
  19  1:28  Reaper  
  19  1:29  Orbital Command  
  20  1:39  Command Center  
  20  1:48  Supply Depot  
  20  1:55  SCV  
  20  2:00  Marine  
  22  2:04  Factory  
  22  2:07  SCV  
  23  2:13  Refinery  
  23  2:19  SCV  
  23  2:21  Barracks Reactor  
  24  2:31  SCV  
  25  2:43  SCV  
  26  2:50  Starport  
  26  2:52  Orbital Command  
  26  2:55  SCV  
  27  3:08  SCV  
  27  3:10  Command Center  
  28  3:17  Hellion x2  
  32  3:20  SCV  
  32  3:23  SCV  
  32  3:25  Marine  
  35  3:31  Fusion Core  
  35  3:34  SCV  
  36  3:36  SCV  
  37  3:41  Hellion  
  37  3:43  Hellion  
  37  3:45  Starport Tech Lab  
  37  3:47  SCV  
  42  3:52  SCV  
  43  3:58  Supply Depot  
  43  4:01  SCV  
  44  4:04  SCV  
  45  4:16  SCV  
  46  4:17  SCV  
  46  4:22  Battlecruiser  
  56  4:25  Supply Depot  
  56  4:27  Barracks Tech Lab  
  54  4:32  SCV x2  
  54  4:33  Orbital Command  
  54  4:44  SCV x2  
  56  4:46  Marine, Barracks  
  56  4:47  Supply Depot  
  56  4:49  Barracks, Stimpack  
  56  4:51  Factory Reactor  
  57  4:56  SCV  
  57  4:57  SCV  
  59  5:03  Orbital Command  
  59  5:05  Engineering Bay x2  
  59  5:06  Marine  
  60  5:09  SCV x2  
  60  5:10  Supply Depot  
  60  5:14  Refinery  
  62  5:15  Refinery  
  62  5:21  SCV x2  
  64  5:24  Marine  
  65  5:32  Starport Reactor, Terran Infantry Weapons Level 1  
  65  5:33  SCV x2  
  67  5:36  Terran Infantry Armor Level 1  
  67  5:42  SCV  
  68  5:43  Barracks  
  68  5:44  Marine x3  
  68  5:45  Barracks  
  68  5:47  SCV  
  68  5:48  SCV  
  73  5:54  Marine x2  
  73  5:57  SCV  
  76  6:00  SCV, Supply Depot  
  76  6:01  Supply Depot  
  76  6:02  Marine x3, Siege Tank  
  83  6:05  SCV  
  83  6:09  SCV  
  83  6:10  Medivac x2  
  89  6:12  SCV, Marine  
  89  6:15  Supply Depot  
  89  6:16  Marine  
  89  6:17  SCV  
  93  6:21  Marine x2, SCV  
  96  6:26  Supply Depot  
  96  6:27  Supply Depot  
  96  6:28  SCV  
  96  6:29  SCV, Marine  
  96  6:30  Marine  
  96  6:31  Barracks Reactor  
  96  6:32  Barracks Reactor  
  100  6:33  Combat Shield  
  100  6:39  Marine x2, Siege Tank  
  104  6:45  SCV x3, Barracks  
  108  6:50  Barracks  
  108  6:54  Barracks  
  108  6:55  Marine x2  
  108  6:56  Marine  
  108  6:57  Marine x2  
  108  7:00  SCV  
  114  7:02  SCV x2, Supply Depot  
  114  7:08  Medivac x2  
  120  7:14  Siege Tank  
  123  7:16  Marine x2  
  123  7:17  Marine x2, Supply Depot  
  123  7:18  Marine, Supply Depot  
  128  7:25  Marine x3  
  128  7:28  Marine  
  132  7:31  Supply Depot  
  132  7:34  Marine  
  132  7:35  Marine  
  132  7:36  Marine x2  
  136  7:37  Armory  
  136  7:44  Barracks Reactor x2  
  136  7:46  Siege Tank  
  136  7:47  Marine  
  136  7:49  Marine x2  
  136  7:50  Marine  
  141  7:54  Barracks Reactor  
  141  7:56  Marine x2  
  143  8:05  Marine  
  143  8:07  Marine  
  143  8:08  Marine x3  
  143  8:10  Marine  
  145  8:13  Marine  
  145  8:16  Marine  
  145  8:17  Medivac  
  145  8:18  Marine, Siege Tank  
  149  8:26  Marine x9  
  148  8:28  Marine  
  148  8:30  Supply Depot x2  
  148  8:31  Marine  
  148  8:34  Marine  
  146  8:35  Marine  
  146  8:36  Marine  
  146  8:38  Marine  
  146  8:44  Marine x9  
  146  8:45  Marine  
  149  8:48  Marine  
  149  8:50  Siege Tank  
  149  8:52  Marine  
  149  8:53  Marine  
  149  8:54  Marine  
  135  8:56  Marine  
  135  9:02  Marine x9  
  139  9:05  Marine  
  139  9:06  Marine, Terran Infantry Weapons Level 2  
  139  9:09  Marine  
  128  9:11  Marine  
  128  9:13  Medivac  
  128  9:14  Marine x2  
  124  9:19  Marine  
  124  9:20  Marine x5, Medivac  
  124  9:22  Marine, Siege Tank  
  124  9:23  Marine  
  133  9:25  Marine x2  
  133  9:27  Marine  
  136  9:32  Marine  
  136  9:36  Marine x2  
  137  9:43  Marine  
  137  9:44  Marine  
  115  9:46  Marine x3  
  115  9:50  Marine x2  
  116  9:53  Medivac x2  
  116  9:54  Siege Tank  
  116  9:55  Marine x4  
  116  9:56  Marine x2  
  116  9:57  Marine  
  116  9:58  Marine  
  131  10:04  Marine x4  
  131  10:05  Marine  
  136  10:08  Marine x2  
  136  10:13  Marine x4  
  142  10:14  Terran Infantry Armor Level 2  
  142  10:15  Marine  
  143  10:22  Marine  
  143  10:23  Marine x4, Medivac  
  143  10:26  Medivac  
  152  10:28  Marine  
  152  10:29  Marine x2  
  152  10:31  Marine  
  152  10:32  Marine  
  152  10:34  Marine x2  
  159  10:38  Marine x2  
  159  10:39  Marine  
  159  10:40  Marine  
  163  10:44  Siege Tank  
  165  10:53  Marine x4  
  169  11:00  Marine x2  
  169  11:01  Marine x3  
  169  11:03  Marine x2  
  169  11:04  Marine x3  
  175  11:07  Marine  
  175  11:11  Marine  
  169  11:12  Marine x3  
  169  11:16  Siege Tank  
  169  11:17  Marine  
  167  11:22  Marine x2  
  169  11:26  Marine x2  
  171  11:37  Marine x2  
  150  11:40  Marine  
  150  11:44  Marine  
  150  11:45  Marine x3  
  144  11:48  Marine x3, Siege Tank  
  144  11:53  Marine x3  
  152  11:54  Marine  
  152  11:56  Marine  
  152  11:58  Marine x2  
  123  12:03  Marine  
  123  12:07  Marine x2  
  112  12:14  Marine  
  112  12:15  Marine  
  89  12:17  Marine  
  89  12:20  Siege Tank  
  77  12:24  Marine  
Tags
 
Add a new tag
Caveats
  • Supply blocks, unpowered buildings, or Contaminate may cause inaccurate times.
  • Supply counts are checked every 10 seconds.